 Dungeon Crawl Stone Soup version 0.28.0-53-g5a82cb258f (webtiles) character file.

Game seed: 8667067351101324986

36694 SanguineChosen the Severer (level 13, -14/123 HPs)
             Began as a Minotaur Berserker on Aug 9, 2022.
             Was a High Priest of Trog.
             Demolished by Rupert
             ... wielding a +2 great sword of electrocution
              (31 damage)
             ... on level 3 of the Lair of Beasts.
             The game lasted 01:29:42 (15629 turns).

SanguineChosen the Severer (Minotaur Berserker)    Turns: 15629, Time: 01:29:42

Health: -14/123    AC: 28    Str: 25    XL:     13   Next: 54%
Magic:  12/12      EV: 11    Int:  6    God:    Trog [*****.]
Gold:   449        SH:  0    Dex: 13    Spells: 12/12 levels left

rFire   . . .      SeeInvis +   h - +11 hand axe of Tender Mercy {vorpal, rN+ Dex+3}
rCold   + . .      Faith    .   (no shield)
rNeg    + . .      Spirit   .   D - +3 chain mail {rC+}
rPois   .          Reflect  .   z - +2 hat {SInv}
rElec   .          Harm     .   y - +0 cloak
rCorr   .          Rampage  .   b - +1 pair of gloves
Will    +++..                   m - +0 pair of boots
Stlth   ..........              (no amulet)
HPRegen 1.30/turn               f - +4 ring of protection
MPRegen 0.13/turn               C - ring of willpower

@: strong-willed, regenerating
A: horns 2, retaliatory headbutt
a: Renounce Religion, Berserk, Trog's Hand, Brothers in Arms


You were on level 3 of the Lair of Beasts.
You worshipped Trog.
Trog was extremely pleased with you.
You visited 2 branches of the dungeon, and saw 13 of its levels.
You also visited: Sewer.

You collected 888 gold pieces.
You spent 439 gold pieces at shops.

Inventory:

Hand Weapons
 a - the +1 war axe of Vymeyska {vorpal, Stlth+}
   (You found it on level 6 of the Dungeon)

   It inflicts extra damage upon your enemies.
   Stlth:     It makes you more stealthy.
 h - the +11 hand axe of Tender Mercy (weapon) {vorpal, rN+ Dex+3}
   (You took it off an orc wizard on level 5 of the Dungeon)

   It inflicts extra damage upon your enemies.
   Dex:       It affects your dexterity (+3).
   rN:        It protects you from negative energy.
 E - a +3 flail of venom
 F - a +7 great sword of flaming
 I - a +6 executioner's axe of flaming
Missiles
 s - 36 poisoned darts (quivered)
Armour
 b - a +1 pair of gloves (worn)
 m - a +0 pair of boots (worn)
 q - a +2 hat
 y - a +0 cloak (worn)
 z - a +2 hat of see invisible (worn)
 D - a +3 chain mail of cold resistance (worn)
Jewellery
 e - a +4 ring of evasion
 f - a +4 ring of protection (left hand)
 o - a +4 ring of evasion
 t - a ring of resist corrosion
 C - a ring of willpower (right hand)
Wands
 d - a wand of iceblast (15)
 k - a wand of digging (2)
 l - a wand of mindburst (17)
 A - a wand of flame (12)
 G - a wand of acid (5)
Scrolls
 j - 7 scrolls of teleportation
 n - 5 scrolls of enchant weapon
 p - a scroll of magic mapping
 r - 2 scrolls of summoning
 x - 2 scrolls of fear
 H - 2 scrolls of identify
Potions
 i - 2 potions of lignification
 u - 3 potions of invisibility
 v - 2 potions of flight {unknown}
 w - 2 potions of might
 B - a potion of berserk rage
Miscellaneous
 g - a lightning rod (4/4)


   Skills:
 + Level 13.6 Fighting
 - Level 18.0 Axes
 + Level 14.3 Armour
 + Level 6.7 Dodging
 + Level 0.2 Evocations


You had 12 spell levels left.
You didn't know any spells.
Your spell library was empty.

Dungeon Overview and Level Annotations

Branches:
Dungeon (10/15)            Temple (0/1) D:5            Lair (3/6) D:9
  Swamp (0/4) Lair:2          Orc (0/2) D:9           Sewer (visited)
  Snake: Lair:2-4    Spider: Lair:2-4

Altars:
Cheibriados
Fedhas
Okawaru
Trog
Uskayaw
Yredelemnul
The Shining One

Shops:
D:5 (   D:8 =*   D:9 ?   D:10 *

Annotations:
Lair:3 exclusion: oklob plant, Rupert


Innate Abilities, Weirdness & Mutations

You have a pair of horns on your head.
You reflexively headbutt those who attack you in melee.


Message History

Rupert is lightly wounded.
You slash the killer bee!
You kill the killer bee!
Trog accepts your kill.
You slice Rupert!!
Rupert is moderately wounded.
You slice the killer bee!!
You kill the killer bee!
Trog accepts your kill.
Rupert hits you with a +2 great sword of electrocution!
You slash Rupert!
Rupert is moderately wounded.
You miss the killer bee.
Rupert hits you with a +2 great sword of electrocution!
You are electrocuted!
The killer bee stings you but does no damage.
Your skin crawls.
You feel strong-willed.
A killer bee comes into view.
The killer bee stings you. Rupert hits you but does no damage.
You are electrocuted!
The killer bee closely misses you.
Rupert hits you with a +2 great sword of electrocution.
You are electrocuted!
The killer bee moves out of view.
You hit Rupert but do no damage.
Rupert is moderately wounded.
You hit the killer bee but do no damage.
The killer bee barely misses you.
Rupert hits you with a +2 great sword of electrocution!
* * * LOW HITPOINT WARNING * * *
You feel better.
The killer bee stings you but does no damage. x2
Rupert hits you with a +2 great sword of electrocution!!
* * * LOW HITPOINT WARNING * * *
You hear an angry buzzing noise.
You feel better.
You hear an angry buzzing noise. x4
The killer bee barely misses you. Rupert hits you but does no damage.
The killer bee completely misses you.
Rupert hits you with a +2 great sword of electrocution!!
You die...

#...PP#
####P.. #
#... .# ....
..# P... ###
...# ....
#.#....#.
....#
##y......)
##
##@#......(
##.#@.####..
#.....# .
####
##....##
#...##...
#...###
#.^......
##..##
##.......
#....#
##.##.##
#...#.# # ##
##...###


You could see Rupert (berserk) and a killer bee.

Vanquished Creatures
  Gastronok (Lair:1)
  3 hydras
  Harold (D:8)
  2 two-headed ogres
  Urug (Lair:3)
  A bog body (Lair:2)
  An ugly thing (D:7)
  2 manticores
  A torpor snail (Lair:3)
  Maggie (D:6)
  A rime drake (Lair:1)
  2 cane toads (Lair:3)
  5 komodo dragons
  A troll (D:9)
  4 dream sheep (Lair:3)
  Prince Ribbit (D:7)
  A hornet (D:8)
  A slime creature (D:7)
  6 blink frogs
  A vampire (D:8)
  A shadow (D:9)
  34 yaks
  4 wyverns
  3 basilisks
  Sigmund (D:4)
  A steam dragon (D:9)
  2 acid dragons (D:9)
  Duvessa (D:6)
  7 water moccasins
  2 orc warriors
  2 ice beasts (D:7)
  A sky beast (D:6)
  A black bear (D:5)
  2 ogres
  3 necrophages
  2 centaurs (D:7)
  A wolf (Lair:3)
  4 kobold brigands
  6 bullfrogs
  A wyvern skeleton (D:7)
  A water moccasin skeleton (D:7)
  Dowan (D:6)
  16 killer bees
  A wight (D:7)
  2 howler monkeys
  An electric eel (Lair:3)
  3 centaur zombies
  7 hounds
  3 centaur skeletons (D:7)
  4 orc priests
  2 jellies
  Crazy Yiuf (D:4)
  3 bullfrog skeletons
  3 iguanas
  15 orc wizards
  2 killer bee zombies (D:7)
  4 howler monkey zombies
  13 adders
  4 river rats (Sewer)
  A shadow imp (D:6)
  An adder skeleton (D:4)
  An adder zombie (D:5)
  2 worms (D:4)
  3 dart slugs
  39 orcs
  9 endoplasms
  6 giant cockroaches
  8 goblins
  3 hobgoblins
  2 jackals (D:4)
  5 quokkas
  6 ball pythons
  7 bats
  4 frilled lizards (D:1)
  41 kobolds
  22 rats
362 creatures vanquished.

Vanquished Creatures (collateral kills)
  Erolcha (D:9)
  Erica (D:9)
  2 orc warriors
  2 kobold brigands (D:9)
  2 orc priests (D:9)
  An orc wizard (D:9)
  A howler monkey skeleton (D:7)
  2 orcs
  2 kobolds (D:9)
14 creatures vanquished.

Vanquished Creatures (others)
  A rat (D:3)
  9 fungi
  5 plants
15 creatures vanquished.

Grand Total: 391 creatures vanquished

Notes
Turn   | Place    | Note
-------+----------+-------------------------------------------
     0 | D:1      | SanguineChosen the Minotaur Berserker began the quest for
                  | the Orb.
     0 | D:1      | Reached XP level 1. HP: 19/19 MP: 0/0
   200 | D:1      | Reached skill level 4 in Axes
   229 | D:1      | Reached XP level 2. HP: 27/27 MP: 1/1
   233 | D:1      | Found a faded altar of an unknown god.
   934 | D:2      | Reached XP level 3. HP: 33/33 MP: 2/2
   947 | D:2      | Found a blossoming altar of Fedhas.
   991 | D:2      | HP: 1/33 [poisoned by an adder]
  1392 | D:2      | Reached ** piety under Trog
  2019 | D:3      | Reached XP level 4. HP: 39/41 MP: 3/3
  2123 | D:3      | Reached skill level 5 in Axes
  2669 | D:4      | Noticed Sigmund
  2728 | D:4      | Killed Sigmund
  2729 | D:4      | Reached skill level 5 in Fighting
  2729 | D:4      | Reached skill level 6 in Axes
  2729 | D:4      | Reached XP level 5. HP: 20/48 MP: 4/4
  3016 | D:4      | Noticed an ogre
  3037 | D:4      | Reached XP level 6. HP: 55/56 MP: 5/5
  3097 | D:4      | Found a glowing drain.
  3107 | Sewer    | Entered a sewer
  3143 | Sewer    | Reached skill level 7 in Axes
  3152 | Sewer    | Reached *** piety under Trog
  3477 | Sewer    | Reached XP level 7. HP: 52/61 MP: 6/6
  3575 | Sewer    | Reached **** piety under Trog
  4340 | D:4      | Found a runed translucent door.
  4341 | D:4      | Noticed Crazy Yiuf
  4483 | D:4      | Killed Crazy Yiuf
  4484 | D:4      | Reached skill level 8 in Axes
  4806 | D:5      | Entered Level 5 of the Dungeon
  4813 | D:5      | Found a staircase to the Ecumenical Temple.
  4953 | D:5      | Found Jijacs's Antique Weapon Shop.
  5103 | D:5      | Reached skill level 9 in Axes
  5116 | D:5      | Reached XP level 8. HP: 66/70 MP: 7/7
  5246 | D:5      | Identified the +11 hand axe of Tender Mercy {vorpal, rN+
                  | Dex+3}
  5529 | D:5      | Reached skill level 10 in Axes
  5538 | D:5      | Noticed a two-headed ogre
  5547 | D:5      | Killed a two-headed ogre
  5548 | D:5      | Reached skill level 11 in Axes
  5548 | D:5      | Reached skill level 5 in Armour
  6108 | D:6      | Noticed Maggie
  6123 | D:6      | Killed Maggie
  6124 | D:6      | Reached XP level 9. HP: 74/79 MP: 8/8
  6137 | D:6      | Identified the +1 war axe of Vymeyska {vorpal, Stlth+}
  6188 | D:6      | Noticed Dowan
  6193 | D:6      | Noticed Duvessa
  6204 | D:6      | Killed Duvessa
  6209 | D:6      | Killed Dowan
  6400 | D:6      | Reached ***** piety under Trog
  6523 | D:6      | Reached skill level 12 in Axes
  6966 | D:7      | Noticed Prince Ribbit
  6975 | D:7      | Killed Prince Ribbit
  6989 | D:7      | Reached skill level 5 in Dodging
  7002 | D:7      | Noticed a manticore
  7017 | D:7      | Killed a manticore
  7026 | D:7      | Reached skill level 13 in Axes
  7112 | D:7      | Reached XP level 10. HP: 90/90 MP: 9/9
  7112 | D:7      | Noticed an eight-headed hydra
  7113 | D:7      | Received a gift from Trog
  7118 | D:7      | Killed a six-headed hydra
  7231 | D:7      | Found the +9 sword of Zonguldrok {reap}
  7265 | D:7      | Noticed a two-headed ogre
  7278 | D:7      | Killed a two-headed ogre
  7342 | D:7      | Noticed a cyan ugly thing
  7357 | D:7      | Killed a cyan ugly thing
  7358 | D:7      | Reached skill level 14 in Axes
  7938 | D:7      | Found a hide-covered altar of Uskayaw.
  7963 | D:7      | Found a snail-covered altar of Cheibriados.
  9091 | D:8      | Found Diuva's Jewellery Emporium.
  9096 | D:8      | Bought a ring of willpower for 350 gold pieces
  9182 | D:8      | Found Liqymp's Assorted Antiques.
  9482 | D:8      | Found a basalt altar of Yredelemnul.
  9485 | D:8      | Noticed Harold
  9506 | D:8      | Killed Harold
  9507 | D:8      | Reached XP level 11. HP: 76/99 MP: 10/10
  9941 | D:8      | Bought a fuming orange potion for 33 gold pieces
 10089 | D:9      | Noticed Erolcha
 10113 | D:9      | Killed Erolcha
 10114 | D:9      | Reached skill level 10 in Fighting
 10114 | D:9      | Reached skill level 15 in Axes
 10134 | D:9      | Reached skill level 10 in Armour
 10447 | D:9      | Found Ichaohin's Magic Scroll Shop.
 10455 | D:9      | Bought a scroll of identify for 28 gold pieces
 10455 | D:9      | Bought a scroll of identify for 28 gold pieces
 10501 | D:9      | Noticed Erica
 10522 | D:9      | Killed Erica
 10953 | D:9      | Found a staircase to the Orcish Mines.
 11058 | D:9      | Found an iron altar of Okawaru.
 11404 | D:9      | Found a staircase to the Lair.
 11862 | D:9      | Found a glowing golden altar of the Shining One.
 11862 | D:9      | Found a bloodstained altar of Trog.
 11938 | D:10     | Entered Level 10 of the Dungeon
 11938 | D:10     | Found Fekh's General Store.
 12045 | Lair:1   | Entered Level 1 of the Lair of Beasts
 12558 | Lair:1   | Noticed Gastronok
 12574 | Lair:1   | Killed Gastronok
 12934 | Lair:2   | Reached skill level 17 in Axes
 12934 | Lair:2   | Reached XP level 12. HP: 108/112 MP: 11/11
 13034 | Lair:2   | Found a staircase to the Swamp.
 13208 | Lair:2   | Reached XP level 13. HP: 115/118 MP: 12/12
 14188 | Lair:3   | Received a gift from Trog
 14613 | Lair:3   | Noticed Urug
 15088 | Lair:3   | Reached skill level 18 in Axes
 15201 | Lair:3   | Killed Urug
 15612 | Lair:3   | Noticed Rupert
 15628 | Lair:3   | HP: 5/123 [Rupert/+2 great sword of electrocution (31)]
 15629 | Lair:3   | Demolished by Rupert

Illustrated notes

Levels and vault maps discovered:
D:1:      saegor_arrival_simple_d, layout_basic,
          shapermc_ecumenical_altar_rom_forum
D:2:      layout_loops_ring, basic_altar
D:3:      layout_basic, kennysheep_decorative_pillar, kennysheep_generic_room_3
D:4:      layout_loops_ring, portal_sewer_entry_d, kennysheep_generic_room_15,
          uniq_crazy_yiuf_cottage, uniq_sigmund
D:5:      layout_basic, minmay_temple_entry_slanted, serial_shops,
          nicolae_lakefront_shop, minmay_fractal_squares_diagonal_5
D:6:      layout_loops_cross, uniq_maggie, uniq_duvessa
D:7:      minmay_the_grid_octo_tiled_squarecenter
          [minmay_the_grid_octo_thin_diamonds,
          minmay_the_grid_octo_checkerflower, minmay_the_grid_octo_empty,
          minmay_the_grid_octo_tetromino_candy,
          minmay_the_grid_square_5x5_megaprize_checkered,
          minmay_the_grid_square_5x5_bite, minmay_the_grid_square_5x5_bracketed,
          minmay_the_grid_square_5x5_checkered_statues,
          minmay_the_grid_square_5x5_shrine2], layout_gridville,
          jmf_multi_god_temple, hangedman_abyss_or_decor_stagger,
          kennysheep_donut, uniq_prince_ribbit1
D:8:      layout_rooms, mainiacjoe_overflow_cross_hatched, serial_shops,
          nicolae_take_the_stairs, nicolae_square_shop, uniq_harold
D:9:      layout_big_octagon, gammafunk_temple_overflow_elements,
          kennysheep_mini_moat, erik_lair_dragon, orc_0_dummy, serial_shops,
          nicolae_shop_crystal, uniq_erolcha, uniq_erica
D:10:     layout_cave_pods, serial_shops, nicolae_stop_n_shop_2,
          nrook_mini_vaults, uniq_sonja
Lair:1:   layout_concentric_octagons, lemuel_old_faithful, serial_bayou_shore_b,
          uniq_gastronok
Lair:2:   layout_roguey, skrybe_swamp_entry_bodies
Lair:3:   layout_layer_cave, special_room [special_room_bee],
          beast_lair_carwin_6, grunt_megastairs_2, infiniplex_staircase_pool,
          uniq_rupert, uniq_urug

Skill      XL: |  1  2  3  4  5  6  7  8  9 10 11 12 13 |
---------------+----------------------------------------+-----
Axes           | 4 6 7 9 11 13 14 17 18 | 18.0
Fighting       | 4 5 6 7 8 9 12 13 | 13.6
Armour         | 3 4 6 7 9 12 13 14 | 14.3
Dodging        | 3 4 5 6 |  6.7
Evocations     | |  0.2

Action                   |  1- 3 |  4- 6 |  7- 9 | 10-12 | 13-15 || total
-------------------------+-------+-------+-------+-------+-------++-------
Melee: Hand axe          |    83 |   151 |   233 |   299 |   212 ||   978
       Headbutt          |    13 |    25 |    43 |    59 |    54 ||   194
       Punch             |       |     1 |       |     6 |     7 ||    14
       Great sword       |       |       |       |    13 |    10 ||    23
Throw: Dart              |     2 |     3 |    13 |    14 |    10 ||    42
Invok: Trog's Hand       |       |     1 |     1 |     6 |     2 ||    10
       Brothers in Arms  |       |       |       |     1 |       ||     1
Evoke: Wand              |       |       |       |     1 |       ||     1
  Use: Potion            |     2 |       |     1 |     2 |     5 ||    10
       Scroll            |       |       |    11 |    13 |     2 ||    26
 Stab: Distracted        |       |       |     1 |       |       ||     1
Armor: Animal skin       |    13 |       |       |       |       ||    13
       Leather armour    |     1 |     4 |       |       |       ||     5
       Ring mail         |       |    13 |       |       |       ||    13
       Scale mail        |       |    19 |    40 |       |       ||    59
       Chain mail        |       |       |    23 |   102 |    86 ||   211
Dodge: Dodged            |    50 |    78 |   130 |   142 |    67 ||   467
